 Dungeon Crawl Stone Soup version 0.27.1-1-g398f81649c (webtiles) character file.

Game seed: 12060761733486924952

3698 pkoi the Cleaver (level 9, -3/74 HPs)
             Began as a Minotaur Monk on Sept 20, 2021.
             Was an Elder of Okawaru.
             Slain by a two-headed ogre (19 damage)
             ... on level 9 of the Dungeon.
             The game lasted 00:09:21 (9149 turns).

pkoi the Cleaver (Minotaur Monk)                    Turns: 9149, Time: 00:09:22

Health: -3/74      AC:  9    Str: 19    XL:     9   Next: 91%
Magic:  11/11      EV: 12    Int: 11    God:    Okawaru [****..]
Gold:   299        SH:  0    Dex: 17    Spells: 8/8 levels left

rFire    . . .     SeeInvis .   n - +6 battleaxe "Orb Guardian's Curse" {freeze, Dex+4}
rCold    + . .     Faith    .   (shield currently unavailable)
rNeg     . . .     Spirit   .   r - +1 ring mail "Sazukeuc" {Int+4}
rPois    .         Reflect  .   (helmet restricted)
rElec    .         Harm     .   (no cloak)
rCorr    +         Rampage  .   x - +2 pair of gloves
Will     .....                  (no boots)
Stlth    +.........             (no amulet)
HPRegen  0.22/turn              d - ring of protection from cold
MPRegen  0.12/turn              v - ring of resist corrosion

@: weak-willed
A: horns 2, retaliatory headbutt
a: Renounce Religion, Heroism


You were on level 9 of the Dungeon.
You worshipped Okawaru.
Okawaru was greatly pleased with you.
You visited 2 branches of the dungeon, and saw 10 of its levels.

You collected 425 gold pieces.
You spent 126 gold pieces at shops.

Inventory:

Hand Weapons
 a - a +0 hand axe
 e - a +1 whip of electrocution
 n - the +6 battleaxe "Orb Guardian's Curse" (weapon) {freeze, Dex+4}
   (You acquired it on level 3 of the Dungeon)

   It freezes those it strikes, dealing additional cold damage.
   It can also slow down cold-blooded creatures.
   Dex:       It affects your dexterity (+4).
Missiles
 c - 8 javelins
 m - 5 silver boomerangs
 o - 36 poisoned darts (quivered)
Armour
 r - the +1 ring mail "Sazukeuc" (worn) {Int+4}
   (You found it on level 5 of the Dungeon)

   Int:       It affects your intelligence (+4).
 x - a +2 pair of gloves (worn)
Jewellery
 d - a ring of protection from cold (left hand)
 v - a ring of resist corrosion (right hand)
Wands
 s - a wand of charming (7)
 w - a wand of paralysis (4)
 y - a wand of iceblast (11)
Scrolls
 b - a scroll of identify
 g - 3 scrolls of magic mapping
 h - a scroll of amnesia
 k - a scroll of enchant weapon
Potions
 f - 2 potions of flight
 i - 3 potions of lignification
 j - a potion of heal wounds
 l - 3 potions of curing
 p - 3 potions of might
 q - a potion of magic


   Skills:
 - Level 5.1 Fighting
 * Level 14.6 Axes
 - Level 3.4 Armour
 - Level 3.2 Dodging
 - Level 1.5 Stealth
 - Level 5.0 Invocations


You had 8 spell levels left.
You didn't know any spells.
Your spell library contained the following spells:

 Spells                   Type           Power      Damage    Failure   Level
 Conjure Flame            Conj/Fire      0%         6-21      87%         3
 Ignite Poison            Fire/Tmut/Pois 0%         N/A       87%         3
 Stone Arrow              Conj/Erth      0%         3d7       87%         3
 Hailstorm                Conj/Ice       0%         3d3       99%         4
 Ice Form                 Ice/Tmut       0%         N/A       99%         4
 Sticky Flame             Conj/Fire      0%         2d3       99%         4
 Bolt of Magma            Conj/Fire/Erth 0%         4d4       100%        5
 Summon Forest            Summ/Tloc      0%         N/A       100%        5
 Eringya's Noxious Bog    Tmut/Pois      0%         N/A       100%        6
 Simulacrum               Ice/Necr       0%         N/A       100%        6
 Summon Hydra             Summ           0%         N/A       100%        7
 Shatter                  Erth           0%         3d5*      100%        9


Dungeon Overview and Level Annotations

Branches:
Dungeon (9/15)             Temple (1/1) D:6
   Lair: D:8-11         Orc: D:9-12

Altars:
Ashenzari
Cheibriados
Dithmenos
Fedhas
Gozag
Hepliaklqana
Kikubaaqudgha
Makhleb
Nemelex Xobeh
Okawaru
Qazlal
Ru
Sif Muna
Trog
Uskayaw
Vehumet
Wu Jian
Xom
Yredelemnul
Zin
The Shining One
Lugonu

Shops:
D:2 *   D:4 [   D:8 !

Portals:
Abyss: D:4

Annotations:
D:2 1 runed translucent door, Crazy Yiuf
D:4 2 runed translucent doors


Innate Abilities, Weirdness & Mutations

You have a pair of horns on your head.
You reflexively headbutt those who attack you in melee.


Message History

The orc wizard is severely wounded.
You closely miss the orc. The orc hits you with a +0 mace.
The orc wizard casts a spell.
The orc wizard flickers and vanishes!
Deactivating autopickup; reactivate with Ctrl-A.
The orc wizard hits you but does no damage.
You barely miss the orc wizard. You headbutt the orc wizard.
You kill the orc wizard!
Okawaru accepts your kill.
You slash the orc! You freeze the orc.
You kill the orc!
Okawaru accepts your kill.
Unknown command.
You hit the orc. You freeze the orc.
You kill the orc!
Okawaru accepts your kill.
Unknown command.
Items here: )) ††.
Unknown command.
You slice the orc!! You freeze the orc.
You kill the orc!
Okawaru accepts your kill.
You hit the two-headed ogre. You freeze the two-headed ogre.
The two-headed ogre is lightly wounded.
You slash something! You freeze something.
The two-headed ogre hits you with a +0 giant club!!
The two-headed ogre hits you with a +0 giant club!
* * * LOW HITPOINT WARNING * * *
Something hits you.
* * * LOW HITPOINT WARNING * * *
You are too injured to fight recklessly!
Unknown command.
You are too injured to fight recklessly!
You slash the two-headed ogre! You freeze the two-headed ogre.
The two-headed ogre is heavily wounded.
You miss something.
The two-headed ogre hits you with a +0 giant club!!
* * * LOW HITPOINT WARNING * * *
The two-headed ogre hits you with a +0 giant club!!
You die...

.......................#
.......................#
...(..[................#
######..################
#..# #..#
#..##############
#####........)....(..
...>.........$@O......
.$....................
#######..#############
#..# #..# #..# ....
.....


You could see a two-headed ogre.

Vanquished Creatures
  Pikel (D:4)
  Sigmund (D:2)
  An acid dragon (D:8)
  3 water moccasins
  3 orc warriors
  2 sky beasts (D:6)
  2 ogres
  A centaur (D:6)
  A lemure (D:4)
  2 phantoms
  A kobold brigand (D:6)
  Blork the orc (D:4)
  2 bullfrogs
  2 gnoll sergeants
  3 scorpions
  A wyvern zombie (D:8)
  A wyvern skeleton (D:7)
  A water moccasin skeleton (D:6)
  5 wights (D:7)
  A bullfrog zombie (D:6)
  A centaur zombie (D:6)
  A hound (D:5)
  3 orc priests
  2 jellies
  2 bullfrog skeletons (D:4)
  Jessica (D:2)
  4 iguanas
  5 orc wizards
  A killer bee zombie (D:5)
  A hound skeleton (D:4)
  10 gnolls
  3 adders
  A howler monkey skeleton (D:7)
  2 shadow imps
  2 white imps
  3 ufetubi
  An adder skeleton (D:4)
  2 worms
  A dart slug (D:2)
  23 orcs
  4 ball pythons
  3 bats
  6 endoplasms
  2 giant cockroaches
  8 goblins
  5 hobgoblins
  4 jackals (D:1)
  9 kobolds
  4 quokkas
  2 frilled lizards (D:3)
  12 rats
163 creatures vanquished.

Notes
Turn   | Place    | Note
-------+----------+-------------------------------------------
     0 | D:1      | pkoi the Minotaur Monk began the quest for the Orb.
     0 | D:1      | Reached XP level 1. HP: 19/19 MP: 0/0
    39 | D:1      | Reached skill level 4 in Axes
    39 | D:1      | Reached XP level 2. HP: 23/27 MP: 1/1
   174 | D:1      | Reached skill level 1 in Armour
  1087 | D:2      | Reached XP level 3. HP: 27/33 MP: 2/2
  1321 | D:2      | Found Koixzaoq's General Store.
  1321 | D:2      | Noticed Jessica
  1333 | D:2      | Killed Jessica
  1334 | D:2      | Reached XP level 4. HP: 19/40 MP: 3/3
  1509 | D:2      | Reached skill level 5 in Axes
  1672 | D:2      | Found a runed translucent door.
  1673 | D:2      | Noticed Crazy Yiuf
  1829 | D:2      | Noticed Sigmund
  1835 | D:2      | Killed Sigmund
  1836 | D:2      | Reached skill level 6 in Axes
  1836 | D:2      | Reached XP level 5. HP: 32/47 MP: 4/4
  2098 | D:2      | Reached skill level 5 in Fighting
  2306 | D:3      | Found a stormy altar of Qazlal.
  2311 | D:3      | Found a glowing silver altar of Zin.
  2311 | D:3      | Found a glowing golden altar of the Shining One.
  2322 | D:3      | Found an iron altar of Okawaru.
  2325 | D:3      | Found a shimmering blue altar of Sif Muna.
  2333 | D:3      | Became a worshipper of Warmaster Okawaru
  2333 | D:3      | Reached * piety under Okawaru
  2333 | D:3      | Reached ** piety under Okawaru
  2603 | D:3      | Found a faded altar of an unknown god.
  2954 | D:3      | Reached XP level 6. HP: 39/56 MP: 5/5
  3089 | D:3      | Identified a scroll of acquirement
  3089 | D:3      | Acquired the +6 battleaxe "Orb Guardian's Curse" {freeze,
                  | Dex+4}
  3485 | D:4      | Found a large runed translucent door.
  3485 | D:4      | Found a large runed translucent door.
  3509 | D:4      | Reached skill level 1 in Invocations
  3533 | D:4      | Found a corrupted altar of Lugonu.
  3624 | D:4      | Reached skill level 7 in Axes
  3693 | D:4      | Noticed Blork the orc
  3698 | D:4      | Killed Blork the orc
  3699 | D:4      | Reached XP level 7. HP: 53/61 MP: 7/7
  3746 | D:4      | Found Zaaq's Armour Shoppe.
  4191 | D:4      | Found a one-way gate to the infinite horrors of the Abyss.
  4452 | D:5      | Entered Level 5 of the Dungeon
  4452 | D:5      | Noticed Pikel
  4543 | D:5      | Found a broken altar of Ashenzari.
  4746 | D:4      | Killed Pikel
  4746 | D:4      | Reached *** piety under Okawaru
  4747 | D:4      | Reached skill level 9 in Axes
  4747 | D:4      | Reached XP level 8. HP: 49/68 MP: 5/10
  5003 | D:5      | Identified the +1 ring mail "Sazukeuc" {Int+4}
  5048 | D:5      | Found an ancient bone altar of Kikubaaqudgha.
  5232 | D:5      | Identified the +0 falchion "Temnarph" {antimagic, rC++
                  | Will+ Str+2}
  5238 | D:5      | Reached skill level 10 in Axes
  5240 | D:5      | Noticed a moth of wrath
  5369 | D:5      | Found a bloodstained altar of Trog.
  5959 | D:5      | Reached skill level 5 in Invocations
  6169 | D:5      | Found a sparkling altar of Nemelex Xobeh.
  6288 | D:6      | Reached skill level 11 in Axes
  6482 | D:6      | Received a gift from Okawaru
  6544 | D:6      | Reached XP level 9. HP: 72/74 MP: 11/11
  6578 | D:6      | Reached skill level 12 in Axes
  6948 | D:6      | Reached **** piety under Okawaru
  7063 | D:6      | Found a staircase to the Ecumenical Temple.
  7070 | Temple   | Entered the Ecumenical Temple
  7346 | D:7      | Reached skill level 13 in Axes
  7383 | D:7      | You fall into a shaft and drop 2 floors!
  7777 | D:8      | Found Moatz's Distillery.
  7786 | D:8      | Bought a potion of mutation for 112 gold pieces
  7786 | D:8      | Bought a potion of degeneration for 14 gold pieces
  8060 | D:7      | Reached skill level 14 in Axes
  8926 | D:8      | Identified the +4 whip "Tediopn" {pain, rF+}
  9142 | D:9      | Noticed a two-headed ogre
  9149 | D:9      | Slain by a two-headed ogre

Illustrated notes

Levels and vault maps discovered:
D:1:      psy_arrival_statuary, layout_basic, amcnicky_mini_pool_small,
          chequers_big_river, minmay_rat_gold_closets
D:2:      layout_basic, serial_shops, shop, uniq_crazy_yiuf_cottage,
          uniq_sigmund, uniq_jessica
D:3:      layout_loops_corners, minmay_overflow_temple_star_hex,
          hellmonk_ecumenical_altar_inner_sanctum,
          wander_ebering_terrifying_dragon_lair
D:4:      due_chaos_kobolds, layout_basic, serial_shops,
          nicolae_shop_waterfront, uniq_blork_the_orc
D:5:      layout_rooms, nemelex_dance_club_becter, general_overflow_altar,
          tgw_trog, mainiacjoe_overflow_24_doors, nicolae_underground_beach,
          uniq_pikel
D:6:      cheibrodos_quashed, layout_loops_cross, minmay_temple_entry_fiery
D:7:      layout_gridville
D:8:      layout_loops_ring, serial_shops, shop, chequers_serial_rivers_micro_a,
          hangedman_abyss_or_decor_stagger
D:9:      layout_long_grid, elyvilon_altar_5
Temple:   nicolae_temple_no_exploring_needed

Skill      XL: |  1  2  3  4  5  6  7  8  9 |
---------------+----------------------------+-----
Axes           | 4 6 7 9 11 14 | 14.6
Armour         | 1 2 3 |  3.4
Fighting       | 4 5 |  5.1
Invocations    | 2 4 5 |  5.0
Dodging        | |  3.2
Stealth        | |  1.5

Action                   |  1- 3 |  4- 6 |  7- 9 || total
-------------------------+-------+-------+-------++-------
Melee: Hand axe          |    24 |       |       ||    24
       Headbutt          |    10 |    12 |    39 ||    61
       Whip              |    28 |    51 |       ||    79
       Battleaxe         |       |    17 |   187 ||   204
Invok: Heroism           |       |       |     2 ||     2
  Use: Scroll            |     1 |     6 |    10 ||    17
 Stab: Sleeping          |       |       |     5 ||     5
Armor: Chain mail        |    25 |    32 |    23 ||    80
       Ring mail         |       |       |    31 ||    31
Dodge: Dodged            |    22 |    29 |    99 ||   150
